 Dungeon Crawl Stone Soup version 0.28-a0-172-g787e458d71 (webtiles) character file.

Game seed: 15329511264681725413

5 bande the Covered (level 1, -1/14 HPs)
             Began as a Gargoyle Fighter on Aug 17, 2021.
             Slain by a gnoll (6 damage)
             ... on level 1 of the Dungeon.
             The game lasted 00:00:16 (103 turns).

bande the Covered (Gargoyle Fighter)                 Turns: 103, Time: 00:00:17

Health: -1/14      AC:  9    Str: 19    XL:     1   Next: 80%
Magic:  1/1        EV:  7    Int:  8    God:
Gold:   0          SH:  8    Dex:  9    Spells: 0/0 levels left

rFire   . . .      SeeInvis .   a - +0 war axe
rCold   . . .      Faith    .   c - +0 kite shield
rNeg    + . .      Spirit   .   b - +0 scale mail
rPois   ∞          Reflect  .   (no helmet)
rElec   +          Harm     .   (no cloak)
rCorr   .          Rampage  .   (no gloves)
Will    .....                   (no boots)
Stlth   ..........              (no amulet)
HPRegen 0.04/turn               (no ring)
MPRegen 0.07/turn               (no ring)

@: no status effects
A: sickness immunity, AC +2, negative energy resistance 1, electricity
resistance, torment resistance 1, petrification resistance
a: no special abilities


You were on level 1 of the Dungeon.
You visited 1 branch of the dungeon, and saw 1 of its levels.

Inventory:

Hand Weapons
 a - a +0 war axe (weapon)
Armour
 b - a +0 scale mail (worn)
 c - a +0 kite shield (worn)
Potions
 d - a potion of might


   Skills:
 + Level 3.4 Fighting
 + Level 1.8 Axes
 + Level 3.4 Armour
 + Level 3.4 Shields


You couldn't memorise any spells.
You didn't know any spells.
Your spell library was empty.

Dungeon Overview and Level Annotations

Branches:
Dungeon (1/15)

Altars:


Innate Abilities, Weirdness & Mutations

You are immune to sickness and miasma.
Your stone body is resilient. (AC +2)
You are immune to poison.
You resist negative energy. (rN+)
You are resistant to electric shocks. (rElec)
You are resistant to unholy torment.
You are immune to petrification.


Message History

The ball python constricts you.
The ball python bites you but does no damage.
The ball python constricts you.
You hit the ball python.
You kill the ball python!
No target in view!
No target in view!
No target in view!
No target in view!
HP restored.
A kobold comes into view. It is wielding a +0 short sword.
The kobold shouts!
A kobold is nearby!
A rat comes into view.
Your shield and scale mail prevent you from hitting the kobold.
The kobold hits you with a +0 short sword.
You block the kobold's attack.
A gnoll comes into view. It is wielding a +0 spear.
You closely miss the kobold. The kobold barely misses you.
The rat bites you but does no damage.
You closely miss the kobold. You hit the rat.
You kill the rat!
You block the kobold's attack. The kobold hits you but does no damage.
You barely miss the kobold.
The kobold hits you with a +0 short sword. x2
You closely miss the kobold. You block the kobold's attack.
A frilled lizard comes into view.
The frilled lizard hisses angrily.
You hit the kobold.
The kobold is severely wounded.
The kobold completely misses you. The kobold hits you but does no damage.
You closely miss the kobold.
The kobold is severely wounded.
The kobold barely misses you. The gnoll barely misses you.
The kobold hits you with a +0 short sword.
Unknown command.
The kobold throws a stone.
You block the stone.
The kobold throws a stone.
The stone hits you but does no damage.
The gnoll hits you from afar with a +0 spear.
You die...

#.................8. ......
#.........#.........
......#############.##.##......
..............# #.........(.#
##............#####....##......
...............................
.P............########....#.#.#
.≈P♣..........###.........#.#.#
≈.≈≈P......Kg.@................
≈≈≈.≈P†...l...###B........###.#
≈≈≈≈≈$........# #.........###..
≈≈♣≈≈P........# #......###....#
≈≈≈≈P.........# #......# ####†#
P.#♣..######### #......######.#
. #... #########...... ....
..#......#... ...######....


You could see a gnoll, a giant cockroach (wandering), a kobold and a frilled
lizard.

Vanquished Creatures
  A ball python (D:1)
  An endoplasm (D:1)
  A hobgoblin (D:1)
  2 rats (D:1)
5 creatures vanquished.

Notes
Turn   | Place    | Note
-------+----------+-------------------------------------------
     0 | D:1      | bande the Gargoyle Fighter began the quest for the Orb.
     0 | D:1      | Reached XP level 1. HP: 14/14 MP: 1/1
    34 | D:1      | Found a faded altar of an unknown god.
   103 | D:1      | Slain by a gnoll

Illustrated notes

Levels and vault maps discovered:
D:1:      dpeg_arrival_solitude, layout_basic, chequers_ecumenical_altar_simple,
          serial_bayou_pond_b

Action                   || total
-------------------------++-------
Melee: War axe           ||    13
Armor: Scale mail        ||     6
Dodge: Dodged            ||     6
Block: Kite shield       ||     5

Table legend: (Time is in decaauts)
 A = Elapsed time spent in this place.
 B = Non-inter-level travel time spent in this place.
 C = Inter-level travel time spent in this place.
 D = Time resting spent in this place.
 E = Time spent auto-exploring this place.
 F = Levels seen in this place.
 G = Mean time per level.
                   A        B        C        D        E       F      G
               +--------+--------+--------+--------+--------+-----+--------+
         Total |    111 |    111 |      0 |      0 |     71 |   1 |  111.0 |
       Dungeon |    111 |    111 |      0 |      0 |     71 |   1 |  111.0 |
               +--------+--------+--------+--------+--------+-----+--------+

Top non-repeatable levels by time:
     D:1: 111 daAuts
